AoeStats
← HR Pinkman

Arena

508109309Analyzed
4v4 RM · 11d ago on Sep 20, 2026· 24m 50s· 8 players
Game mode
Random Map
Map size
Large (8 player)
Population
200
Speed
Normal
Resources
Standard
Victory
Conquest
Starting age
Dark Age
Ending age
Imperial Age
RankedLock teamsTeams togetherTeam positionsShared explorationLock speedFull tech treeHidden civsTurbo modeCheats
Victory
Defeat
🇩🇪 Teutons · Germany
1966
+8
🇺🇸 Goths · United States
1742
+16
🇺🇸 Britons · United States
1679
+19
🇵🇪 Cumans · Peru
1663
+20
🇨🇱 Khmer · Chile
1905
-22
🇨🇱 Britons · Chile
1857
-20
🇨🇱 Bulgarians · Chile
1718
-14
🇨🇱 Italians · Chile
1534
-7
HR Fast_PIG
11:25 Feudal Age
15:06 Castle Age
13:52 Scale Barding Armor
16:42 Double-Bit Axe
20:09 Forging
24:54 Bloodlines
HR Whitecourt
10:45 Feudal Age
14:02 Castle Age
11:56 Double-Bit Axe
12:16 Horse Collar
15:03 Bow Saw
15:51 Heavy Plow
20:34 Wheelbarrow
22:16 Hand Cart
22:55 Loom
23:38 Gold Mining
27:25 Imperial Age
QNA_Basualt
11:30 Feudal Age
9:54 Loom
11:40 Feudal Age
13:49 Double-Bit Axe
16:04 Castle Age
15:01 Gold Mining
20:19 Imperial Age
22:03 Chemistry
HR Pinkman
10:42 Feudal Age
10:22 Loom
16:00 Castle Age
14:24 Scale Mail Armor
14:35 Forging
20:58 Scale Mail Armor
__67_7SmigoL._Arg
9:48 Feudal Age
13:45 Castle Age
12:31 Loom
12:43 Double-Bit Axe
12:40 Horse Collar
14:39 Town Watch
15:09 Bow Saw
tsoul
10:54 Feudal Age
14:26 Castle Age
12:41 Double-Bit Axe
12:42 Horse Collar
15:33 Bow Saw
20:40 Wheelbarrow
20:49 Heavy Plow
22:08 Stone Mining
22:10 Gold Mining
27:44 Imperial Age
25:01 Loom
25:35 Hand Cart
noru
8:52 Feudal Age
8:51 Loom
15:20 Fletching
22:01 Town Watch
23:32 Scale Mail Armor
RoR | Smokealot
10:41 Feudal Age
14:33 Castle Age
13:38 Scale Barding Armor
13:43 Forging
13:38 Double-Bit Axe
13:33 Horse Collar
14:52 Scale Barding Armor
14:57 Forging
15:50 Forging
22:48 Bloodlines
Connection lost

Rejoining the realm…

Still unreachable

The connection could not be restored.

Session expired

The server has moved on; the page needs a fresh start.